Cogmind - Beta 15 @@@ ROGUE MODE // 2025.06.23 @ 01:09:19 Player: Johnny5001 Result: Destroyed 0b10! Performance ------------- Evolutions (9) 4500 Regions Visited (28) 5600 Robots Destroyed (263) 1315 Value Destroyed (8177) 8177 Prototype IDs (71) 1420 Alien Tech Used (7) 1400 Bonus (22538) 22538 TOTAL SCORE: 44950 Bonus ------- High Alert Combat Kills 98 Follower Combat Kills 2312 Network Hubs Disabled 200 Met Zhirov 300 Met Warlord at Base 500 MAIN.C Attacked Warlord 500 Built Enhanced Grunts 300 A7 Reached Mainframe 300 Met R17 at Cetus 500 Used Core Reset Matrix 3000 Met Sigix 2000 Escaped with Sigix 10000 Win 3000 Friendly Fire -472 Cogmind --------- Core Integrity 776/1600 Matter 280/300 Energy 99/100 System Corruption 7% Temperature Cool (0) Movement Core (150) Ox2 Location Tau Ceti IV Orbit Parts ------- > --- POWER (2) -------- (None) > --- PROPULSION (6) --- Improved Gyrokinetic Inverter > --- UTILITY (15) ----- Enhanced Optical Array Advanced Signal Interpreter Makeshift Terrain Scan Processor Core Analyzer Advanced System Shield > --- WEAPON (3) ------- Vortex Rail > --- INVENTORY (5) ---- High-powered Transdimensional Reconstructor Sigix Containment Pod Sigix Containment Pod Peak State ------------ > --- POWER ------------ Light Antimatter Reactor Light Quantum Reactor > --- PROPULSION ------- Cooled Antigrav System Cooled Antigrav System Cooled Antigrav System Cooled Antigrav System Antigrav Array > --- UTILITY ---------- Enhanced Optical Array Long-range Terrain Scanner Makeshift Terrain Scan Processor Advanced Melee Analysis Suite Core Analyzer Quantum Capacitor Actuator Array Improved Thermal Defense Suite Hacking Suite Improved Hacking Suite Advanced Hacking Suite Advanced System Shield Long-range Tractor Beam > --- WEAPON ----------- Sigix Terminator Chainsword > --- INVENTORY -------- High-powered Transdimensional Reconstructor Subatomic Replicator Vortex Rail Sigix Containment Pod [Rating: 181] Favorites ----------- Power Light Nuclear Core Engine Improved Ion Engine Power Core Light Nuclear Core Reactor Vortex Chain Reactor Propulsion Light Treads Treads Light Treads Leg Improved Carbon-fiber Leg Wheel Armored Wheel Hover Unit Combat Gravmag System Flight Unit Improved Flight Unit Utility Hacking Suite Device Seismic Detector Storage Large Storage Unit Processor Core Analyzer Hackware Hacking Suite Protection Layered Light Armor Plating Weapon High-powered Shotgun Energy Gun Beamcaster Energy Cannon Heavy Disruptor Cannon Ballistic Gun High-powered Shotgun Ballistic Cannon Mini Assault Cannon Launcher Mini Smartbomb Launcher Special Weapon Remote Datajack Impact Weapon Powered Hammer Slashing Weapon Chainsword Piercing Weapon Makeshift Spear Build | -11 -10 -10 -9 -9 -9 -8 -8 -8 -8 -6 -6 -6 -6 -6 -5 -5 -5 -5 -4 -4 -4 -4 -4 -3 -3 -3 -2 -1 ------- Run | Yrd Mat Min Mat Min Exi Min Mat Sto Rec Fac Ext Cet Arc Hub Fac Upp Upp War Pro Fac Upp Upp Zhi Pro Res Qua Res Acc Slots Evolved 18 | . . . 2 . . . 2 . . 4 . . . . 2 . . . . 2 . . . . 2 . 2 2 Power . | . . . . . . . . . . . . . . . . . . . . . . . . . . . . . Propulsion 4 | . . . . . . . 1 . . 1 . . . . 1 . . . . . . . . . 1 . . . Utility 13 | . . . 2 . . . 1 . . 2 . . . . 1 . . . . 2 . . . . 1 . 2 2 Weapon 1 | . . . . . . . . . . 1 . . . . . . . . . . . . . . . . . . Parts Attached 246 | 7 17 10 31 5 1 3 13 20 . 8 10 14 4 1 12 13 1 16 2 13 2 5 5 1 13 4 3 12 Power 24 | 1 2 3 2 . . 1 1 3 . 1 1 1 . . . 3 . 1 . . . . 1 . . 1 1 1 Engine 11 | 1 2 2 1 . . . 1 1 . 1 1 . . . . 1 . . . . . . . . . . . . Core 7 | . . 1 1 . . 1 . 2 . . . . . . . 2 . . . . . . . . . . . . Reactor 6 | . . . . . . . . . . . . 1 . . . . . 1 . . . . 1 . . 1 1 1 Propulsion 65 | 2 3 4 9 1 . . 4 7 . 1 6 2 . . 5 1 . 2 . 3 . 2 3 . 6 1 . 3 Treads 31 | 1 2 2 7 1 . . 4 6 . 1 5 2 . . . . . . . . . . . . . . . . Leg 1 | . . . . . . . . . . . 1 . . . . . . . . . . . . . . . . . Wheel 5 | 1 1 2 1 . . . . . . . . . . . . . . . . . . . . . . . . . Hover 27 | . . . . . . . . 1 . . . . . . 5 1 . 2 . 3 . 2 3 . 6 1 . 3 Flight 1 | . . . 1 . . . . . . . . . . . . . . . . . . . . . . . . . Utility 88 | 2 4 1 7 2 . . 6 3 . 1 2 7 4 . 4 6 . 10 1 6 2 2 1 . 6 1 2 8 Device 35 | 1 . 1 1 1 . . 2 . . . 1 2 1 . 2 4 . 5 . 4 . 1 . . 4 . 1 4 Storage 6 | 1 3 . 1 . . . . . . . . . . . . . . 1 . . . . . . . . . . Processor 12 | . . . . . . . . . . . 1 . . . 1 2 . 2 1 1 2 . . . . . . 2 Hackware 12 | . . . 1 . . . . 2 . 1 . . 3 . 1 . . 1 . . . . . . 1 . 1 1 Protection 23 | . 1 . 4 1 . . 4 1 . . . 5 . . . . . 1 . 1 . 1 1 . 1 1 . 1 Artifact . | . . . . . . . . . . . . . . . . . . . . . . . . . . . . . Weapon 69 | 2 8 2 13 2 1 2 2 7 . 5 1 4 . 1 3 3 1 3 1 4 . 1 . 1 1 1 . . Energy Gun 8 | . . . . . . 1 1 4 . . . . . . . . . 1 1 . . . . . . . . . Energy Cannon 6 | . . . . . . 1 . 1 . 2 . 1 . . . . . . . . . . . . 1 . . . Ballistic Gun 26 | 2 3 2 9 2 . . . . . 3 . 2 . 1 . 2 . . . . . . . . . . . . Ballistic Cannon 5 | . . . 1 . . . . 1 . . . . . . 2 1 . . . . . . . . . . . . Launcher 11 | . 2 . 2 . . . . 1 . . 1 1 . . . . . 1 . 2 . . . . . 1 . . Special Weapon 3 | . 1 . . . 1 . . . . . . . . . . . . . . . . 1 . . . . . . Impact Weapon 4 | . 2 . 1 . . . 1 . . . . . . . . . . . . . . . . . . . . . Slashing Weapon 5 | . . . . . . . . . . . . . . . 1 . . 1 . 2 . . . 1 . . . . Piercing Weapon 1 | . . . . . . . . . . . . . . . . . 1 . . . . . . . . . . . Special Melee Weapon . | . . . . . . . . . . . . . . . . . . . . . . . . . . . . . Unidentified Prototypes 33 | . . . 1 1 . . 1 5 . 1 . 5 . . . 1 . 10 . 1 . . 4 . 1 1 . 1 Corrupted Parts 6 | . . . . . . . . . . . . 5 . 1 . . . . . . . . . . . . . . System Corruption 37 | . . . . . . . . . . . . 34 . 3 . . . . . . . . . . . . . . Parts Lost 48 | . . 2 1 . . . . 3 . . 5 1 . . . 2 3 1 1 . 1 1 . . 2 4 . 21 Power 8 | . . 1 . . . . . 1 . . . . . . . 1 1 . . . . . . . . 1 . 3 Propulsion 12 | . . 1 . . . . . . . . 2 . . . . . 2 . . . . 1 . . . . . 6 Utility 23 | . . . 1 . . . . 1 . . 3 1 . . . 1 . 1 . . 1 . . . 2 2 . 10 Weapon 5 | . . . . . . . . 1 . . . . . . . . . . 1 . . . . . . 1 . 2 Highest Loss Streak 20 | . . 1 1 . . . . 3 . . 2 1 . . . 2 3 1 1 . 1 1 . . 1 3 . 20 To Critical Strikes . | . . . . . . . . . . . . . . . . . . . . . . . . . . . . . Average Backups 11 | 5 9 9 14 14 15 14 13 13 13 12 12 13 13 13 3 4 4 5 5 4 5 4 4 5 4 3 3 3 Power . | . 1 . 1 1 1 1 1 . . . 1 1 2 2 . 1 . . . . . . . . . . . . Propulsion 1 | 2 2 1 3 3 3 3 2 1 2 . . 1 1 1 1 . . . 1 1 1 . . 1 . . . . Utility 4 | . 4 4 4 5 6 5 5 6 7 6 4 4 4 4 . 1 1 3 3 2 2 2 1 1 1 1 . . Weapon 3 | 1 2 2 4 5 4 4 4 3 2 4 4 5 5 5 1 1 2 1 1 . 1 1 2 1 1 1 1 1 Tool/Special . | . . . . . . . . . . . . . . . . . . . . . . . . . . . . . Unused Backups 58 | . 9 . 4 2 . . 5 6 . 3 7 2 . 5 3 2 1 1 . 1 . 1 . . 3 2 . 1 Power 10 | . 1 . 2 . . . . . . . 3 1 . 2 . . 1 . . . . . . . . . . . Propulsion 11 | . 3 . . . . . . 1 . . 1 1 . . 2 . . . . 1 . . . . 2 . . . Utility 28 | . 5 . . 2 . . 4 5 . 3 1 . . 2 1 1 . 1 . . . . . . 1 2 . . Weapon 7 | . . . 2 . . . 1 . . . 2 . . 1 . 1 . . . . . . . . . . . . Tool/Special 2 | . . . . . . . . . . . . . . . . . . . . . . 1 . . . . . 1 Average Slot Usage (%) 92 | . 99 100 98 96 88 99 93 92 90 91 91 87 84 84 60 94 93 90 93 94 93 94 95 95 91 86 75 80 Engine 3 | . 14 9 7 . . . 5 3 . 5 6 . . . . 1 1 . . . . . . . . . . . Core 3 | . . 4 3 11 11 11 3 5 9 . . . . . . 4 8 4 . . . . . . . . . . Reactor 1 | . . . . . . . . . . . . 5 6 5 . . . 2 5 5 5 5 5 5 4 3 4 6 Treads 13 | . 14 16 17 16 22 22 18 17 18 25 20 14 13 13 . . . . . . . . . . . . . . Wheel 3 | . 13 11 4 5 . . 9 9 9 . . . . . . . . . . . . . . . . . . . Hover 6 | . . . . . . . . . . . . . . . 15 28 23 25 27 25 25 24 25 25 23 22 20 17 Device 9 | . 10 10 7 8 11 10 9 4 8 12 6 6 4 6 20 15 16 12 15 18 11 10 10 10 9 12 11 12 Storage 7 | . 14 14 11 11 11 11 9 9 9 6 6 6 6 5 . . . . . . . . . . . . . . Processor 5 | . . . . . . . . . . . 4 6 6 6 5 14 16 16 16 20 27 28 25 25 22 20 16 18 Hackware 10 | . . . 11 11 11 11 9 10 9 12 13 13 13 13 12 13 11 13 11 10 10 10 10 10 12 13 12 16 Protection 7 | . 2 3 13 10 . 11 11 14 9 6 6 12 13 12 . . . . . 1 . 1 5 5 3 . . . Energy Gun 1 | . . . . . . . . 8 6 1 . . . . . . . . . . . . . . . 1 . . Ballistic Gun 9 | . 22 27 17 12 12 18 14 3 . 10 13 5 12 12 . 1 4 1 . . . . . . . . . . Ballistic Cannon 2 | . . . 2 . . . . 4 9 2 3 . . . . 5 2 . . . . . . . . . . . Launcher 1 | . . . . 4 . . . 1 . . 1 3 . 1 . . . . 4 4 5 2 . 5 3 3 4 2 Impact Weapon 1 | . 5 . 1 4 . . 3 . 2 2 . 4 6 3 . . . . . . . . . . . . . . Slashing Weapon 1 | . . . . . . . . . . . . . . . 1 4 4 5 5 7 10 10 10 10 9 6 4 3 Peak Build Rating 181 | 8 9 10 22 32 33 25 32 38 37 53 66 106 116 117 90 98 95 120 110 123 126 126 128 128 150 147 168 181 Average Rating 53 | 5 8 8 18 24 32 24 30 34 35 48 60 96 111 112 59 84 81 95 104 118 123 121 123 127 143 138 156 156 On Entrance 75 | . 8 8 8 22 32 33 24 31 37 36 50 66 106 116 62 88 86 80 106 110 121 126 120 128 128 141 142 168 Naked Turns . | . . . . . . . . . . . . . . . . . . . . . . . . . . . . . Heaviest Build 76 | 15 22 22 43 42 39 41 50 54 53 71 74 71 71 76 24 44 56 64 64 64 63 62 52 51 61 62 62 69 Greatest Support 160 | 20 20 40 40 40 40 40 42 42 12 82 98 160 160 160 27 54 54 61 67 69 63 64 61 55 102 102 78 86 Greatest Overweight (x) 4 | 1 1 2 3 3 . 1 4 4 4 4 1 . . . 2 1 1 1 . 1 . . . . . . . 2 Average Overweight (x) . | . . . 1 1 . . 1 2 3 . . . . . . . . . . . . . . . . . . . Largest Inventory Capacity 15 | 8 10 10 15 15 15 15 15 15 15 15 15 15 15 15 5 5 5 5 5 5 5 5 5 5 5 5 5 5 Average Capacity 11 | 7 9 10 14 15 15 15 15 15 15 15 15 15 15 14 5 5 5 5 5 5 5 5 5 5 5 5 5 5 Most Carried 15 | 8 10 10 15 15 15 15 15 15 15 15 15 15 15 15 5 5 5 5 5 5 5 5 5 5 5 5 5 5 Average Carried 11 | 5 9 9 14 14 15 14 14 14 14 14 13 14 15 14 4 4 4 4 4 4 5 4 4 5 4 4 5 4 Final Capacity 15 | 8 10 10 15 15 15 15 15 15 15 15 15 15 15 5 5 5 5 5 5 5 5 5 5 5 5 5 5 5 Final Carried 15 | 8 10 10 15 15 15 15 15 15 15 15 15 15 15 5 4 5 5 5 5 5 5 5 5 5 5 5 5 5 Class Distribution -------------------- 38% | Mutant 14% | Scavenger-Mutant 12% | Hacker-Scout 9% | Commander-Mutant 7% | Hacker-Mutant 3% | Hacker-Tank 3% | Commander-Gunner Dominant Class ---------------- Mutant | -10/Materials Mutant | -10/Mines Scavenger-Mutant | -9/Materials Mutant | -9/Mines Mutant | -9/Exiles Mutant | -8/Mines Mutant | -8/Materials Mutant | -8/Storage Mutant | -8/Recycling Hacker-Tank | -6/Factory Commander-Gunner | -6/Extension Commander-Mutant | -6/Cetus Scavenger-Mutant | -6/Archives Scavenger-Mutant | -6/Hub_04(d) Hacker-Mutant | -5/Factory Hacker-Ninja | -5/Upper Caves Scavenger-Scout | -5/Upper Caves Hacker-Mutant | -5/Warlord Hacker-Scout | -4/Proximity Caves Hacker-Scout | -4/Factory Hacker-Scout | -4/Upper Caves Hacker-Scout | -4/Upper Caves Hacker-Scout | -4/Zhirov Hacker-Scout | -3/Proximity Caves Hacker-Scout | -3/Research Hacker-Scout | -3/Quarantine Hacker-Scout | -2/Research Wizard-Scout | -1/Access Resources | -11 -10 -10 -9 -9 -9 -8 -8 -8 -8 -6 -6 -6 -6 -6 -5 -5 -5 -5 -4 -4 -4 -4 -4 -3 -3 -3 -2 -1 ----------- Run | Yrd Mat Min Mat Min Exi Min Mat Sto Rec Fac Ext Cet Arc Hub Fac Upp Upp War Pro Fac Upp Upp Zhi Pro Res Qua Res Acc Matter Collected 9350 | 318 355 487 1164 211 156 174 741 879 121 417 885 274 358 146 152 501 141 185 178 138 313 150 90 44 238 141 . 393 Remotely . | . . . . . . . . . . . . . . . . . . . . . . . . . . . . . Salvage Created 10007 | 104 481 533 1389 170 . 151 843 992 244 427 1086 462 238 497 152 404 110 . 70 204 215 112 299 159 376 211 . 78 Parts 546 | 5 41 23 89 14 . 22 38 62 20 23 31 23 16 24 6 18 1 . 1 12 12 12 6 3 22 14 . 8 Haulers Intercepted 8 | . . . 4 . . . . 3 . . . . . . 1 . . . . . . . . . . . . . Recyclers Shooed 6 | . 1 1 1 . . . 1 . . 1 1 . . . . . . . . . . . . . . . . . Parts Field Recycled . | . . . . . . . . . . . . . . . . . . . . . . . . . . . . . Retrieved Matter . | . . . . . . . . . . . . . . . . . . . . . . . . . . . . . Parts Self-Destructed 36 | . . . . . . . . . . . . . . . . 9 7 . 1 . 3 9 6 1 . . . . Prevented 5 | . . . . . . . . . . . . . . . . . 5 . . . . . . . . . . . Kills | -11 -10 -10 -9 -9 -9 -8 -8 -8 -8 -6 -6 -6 -6 -6 -5 -5 -5 -5 -4 -4 -4 -4 -4 -3 -3 -3 -2 -1 ------- Run | Yrd Mat Min Mat Min Exi Min Mat Sto Rec Fac Ext Cet Arc Hub Fac Upp Upp War Pro Fac Upp Upp Zhi Pro Res Qua Res Acc Combat Hostiles Destroyed 166 | . 15 8 26 4 . 8 17 24 3 8 13 5 1 2 . 8 1 . 5 3 4 2 . . 5 4 . . Melee 16 | . . . 2 . . . . . 2 . 1 . . . . . . . 1 2 . 2 . . 3 3 . . Guns 87 | . 11 8 19 4 . 4 15 7 1 8 7 . 1 2 . . . . . . . . . . . . . . Cannons 13 | . . . 3 . . . . . . . 1 . . . . 8 1 . . . . . . . . . . . AOE 39 | . 4 . 2 . . 4 1 16 . . . . . . . . . . 4 1 4 . . . 2 1 . . Classes Destroyed 18 | 2 6 . 5 . . 1 . . 1 1 . . . . . 2 . . . . . . . . . . . . Worker 22 | . 2 . 1 2 . 1 1 1 . . 1 . . 4 1 . . . . 1 . . . . 4 1 . 2 Builder 6 | . . . 2 . . . . 1 . 2 1 . . . . . . . . . . . . . . . . . Tunneler 12 | 1 . 2 . 1 . 3 1 . . . . . . . 1 . . . . 1 . . . . 1 . . 1 Hauler 8 | . . . 4 . . . . 3 . . . . . . 1 . . . . . . . . . . . . . Recycler 15 | 1 1 4 3 1 . . 3 . . . 2 . . . . . . . . . . . . . . . . . Mechanic 2 | . 1 . . . . . . . . . . . . . . . . . . . . . . . . 1 . . Operator 11 | . 1 . 2 . . . . . . . . . 5 1 . . . . . . . . . . 1 1 . . Watcher 13 | . 2 . 4 . . . . . . . . 2 . . 1 . . . . 1 . . . . 2 . . 1 Swarmer 54 | . 8 5 6 4 . 7 4 4 . . . . . . . 8 . . 2 . 2 . . . . 4 . . Grunt 55 | . 7 3 10 . . . 7 10 1 6 7 . . 1 . . 1 . . . . . . . 2 . . . Brawler 2 | . . . 1 . . . . 1 . . . . . . . . . . . . . . . . . . . . Duelist 2 | . . . 1 . . . . 1 . . . . . . . . . . . . . . . . . . . . Protector 2 | . . . . . . . . . 2 . . . . . . . . . . . . . . . . . . . Researcher 1 | . . . . . . . . . . . . . . . . 1 . . . . . . . . . . . . Sentry 28 | . . . 8 . . . 5 8 2 . 2 . 1 1 . . . . 1 . . . . . . . . . Hunter 6 | . . . . . . 1 1 . . . 4 . . . . . . . . . . . . . . . . . Programmer 14 | . . . . . . . . . . 2 . . . . . . . . 2 3 2 2 . . 3 . . . Cetus Guard 5 | . . . . . . . . . . . . 5 . . . . . . . . . . . . . . . . Enhanced Grunt 2 | . . . . . . . . . . . . . . 2 . . . . . . . . . . . . . . Decomposer 4 | . . . . . . . . . . . . . . . . . . . . . 3 1 . . . . . . Packrat 2 | . . . . . . . . . . . . . . . . 2 . . . . . . . . . . . . Samaritan 5 | . . . . . . . . . . . . . . . . 2 . . . . 3 . . . . . . . Thug 1 | . . . . . . . . . . . . . . 1 . . . . . . . . . . . . . . Savage 1 | . . . . . . . . . . . . . . 1 . . . . . . . . . . . . . . Butcher 1 | . . . . . . . . . . . 1 . . . . . . . . . . . . . . . . . Best Kill Streak 9 | 1 6 4 6 4 . 4 4 9 2 8 3 5 2 7 2 5 1 . 2 3 3 2 . . 3 4 . 2 Combat Bots Only 8 | . 6 3 5 4 . 4 3 8 2 4 2 4 1 2 . 5 1 . 2 2 3 2 . . 2 4 . . Max Kills in Single Turn 7 | 1 2 1 2 1 . 2 1 5 1 1 2 1 1 7 1 1 1 . 2 2 2 1 . . 2 1 . 1 Gunslinging 1 | . . . 1 . . . . . . . . . . . . . . . . . . . . . . . . . Exploded 5 | . 2 . 1 . . 2 1 5 . . . . . . . . . . 2 1 2 . . . 1 1 . . Melee 1 | . . . 1 . . . . . 1 . 1 . . . . . . . 1 1 . 1 . . 1 1 . . Uniques/NPCs Destroyed . | . . . . . . . . . . . . . . . . . . . . . . . . . . . . . Combat | -11 -10 -10 -9 -9 -9 -8 -8 -8 -8 -6 -6 -6 -6 -6 -5 -5 -5 -5 -4 -4 -4 -4 -4 -3 -3 -3 -2 -1 -------- Run | Yrd Mat Min Mat Min Exi Min Mat Sto Rec Fac Ext Cet Arc Hub Fac Upp Upp War Pro Fac Upp Upp Zhi Pro Res Qua Res Acc Hostile Shots Fired 1184 | . 67 47 125 12 . 16 65 71 8 18 211 15 12 100 . 28 17 3 38 42 22 15 . . 43 59 2 148 Missed 397 | . 17 12 26 4 . 1 15 20 1 8 78 4 2 31 . 7 9 1 20 20 13 5 . . 22 24 . 57 Hits 787 | . 50 35 99 8 . 15 50 51 7 10 133 11 10 69 . 21 8 2 18 22 9 10 . . 21 35 2 91 Melee 13 | . . . 11 . . . . 1 . . . . . . . . 1 . . . . . . . . . . . Projectile 774 | . 50 35 88 8 . 15 50 50 7 10 133 11 10 69 . 21 7 2 18 22 9 10 . . 21 35 2 91 AOE 3 | . . . . . . . . . 1 . . . . . . . . 2 . . . . . . . . . . Critical Strikes 38 | . . 1 8 . . . . 4 1 . 3 4 . 4 . . 1 . . . . 1 . . 3 3 . 5 Actively Blocked 1 | . . . . . . . . . . . . . . . . . . . . . . . . . 1 . . . Part Disruptions 2 | . . . . . . . . . . . . . . 1 . . . . . . . . . . . . . 1 Damage Taken 12547 | . 513 376 1485 65 . 155 552 666 121 232 1835 173 210 1398 . 308 191 97 271 252 101 105 . . 506 838 51 2046 Core 2027 | . 67 41 134 . . . 47 74 . 12 182 . . 228 . . 50 8 23 49 . 9 . . 149 130 . 824 Absorbed by Shields 1023 | . . . . . . . 110 95 38 87 104 88 . . . . . 28 85 164 106 111 . . 7 . . . Redirected to Shielding 163 | . . . . . . . . . . . . . . . . . . . . . . . . . 163 . . . Ignored by Resistances 382 | . . . . . . . 6 . . . . 28 24 166 . . 36 . . . . . . . . . . 122 Regen/Repaired (Parts) 569 | . 58 . 126 . . . 58 214 . 106 . . . . . . . 7 . . . . . . . . . . Core Remaining (%) 75 | 100 . 56 . . . 66 . . 78 . . . . 50 . . . . 91 . . . . 94 . 73 100 48 Volleys Fired 506 | 8 36 33 93 8 8 11 40 44 13 23 69 12 34 11 3 11 4 1 9 3 8 4 . . 13 7 . . Largest 3 | 2 2 2 2 2 1 2 2 2 2 3 3 1 2 2 1 3 3 1 1 1 1 1 . . 1 1 . . Hottest 159 | 40 40 40 53 50 5 101 50 136 115 110 140 43 70 70 54 159 159 45 39 80 80 80 . . 80 80 . . Shots Fired 914 | 16 69 66 170 13 8 20 76 71 14 56 151 11 65 20 3 31 10 1 9 3 8 3 . . 13 7 . . Gun 714 | 16 66 66 147 10 . 14 72 53 10 51 118 . 65 18 . . 1 1 . . . . . . . 6 . . Cannon 97 | . . . 17 . . 3 . 4 1 5 24 . . . 3 31 9 . . . . . . . . . . . Launcher 88 | . 3 . 6 3 . 3 2 14 . . 9 11 . 2 . . . . 9 3 8 1 . . 13 1 . . Special 15 | . . . . . 8 . 2 . 3 . . . . . . . . . . . . 2 . . . . . . Kinetic 751 | 16 66 66 164 10 . 11 72 28 1 53 137 . 65 18 3 31 10 . . . . . . . . . . . Thermal 37 | . . . . . . . . 25 10 2 . . . . . . . . . . . . . . . . . . Explosive 60 | . 3 . 6 3 . 3 2 8 . . . . . . . . . . 9 3 8 1 . . 13 1 . . Electromagnetic 44 | . . . . . . 6 . 10 . 1 14 11 . 2 . . . . . . . . . . . . . . Entropic 7 | . . . . . . . . . . . . . . . . . . 1 . . . . . . . 6 . . Robot Hit Streak 19 | 4 11 9 19 3 2 5 9 7 13 7 9 1 4 5 . 3 2 . 3 . 4 1 . . 7 8 . . Robot Miss Streak 9 | 3 4 4 4 2 2 3 9 3 2 4 5 1 6 1 . 4 4 . 2 . . 1 . . . 1 . . Penetration Max 1 | . . . . . . . . . . 1 1 . . 1 . . . . . . . . . . . . . . Secondary Targets 12 | . 2 2 2 . . . 1 1 . 3 1 . . . . . . . . . . . . . . . . . Max Gunslinging Chain 1 | . 1 1 1 . . . 1 1 . 1 1 . . . . . . . . . . . . . . . . . Shots Hit Robots 638 | 10 43 42 131 9 4 10 61 44 16 24 88 1 26 7 4 19 6 . 6 15 10 7 11 3 24 11 . 6 Core Hits 412 | 2 28 23 60 9 . 15 38 46 8 13 35 14 14 21 2 11 4 . 15 9 9 3 4 1 17 7 . 4 Critical Kills 8 | . 1 . . 1 . . 2 . . . 1 . 2 1 . . . . . . . . . . . . . . Critical Parts Destroyed 12 | . 1 . 1 . . . . . 1 2 3 . 3 1 . . . . . . . . . . . . . . Critical Strikes 34 | . 2 . 2 1 . . 2 2 3 2 5 . 5 2 . . 1 . 1 3 1 1 . . 1 . . . Burn 3 | . . . . . . . . 2 1 . . . . . . . . . . . . . . . . . . . Destroy 14 | . 1 . . . . . 2 . . 1 3 . 5 2 . . . . . . . . . . . . . . Blast 2 | . . . 1 . . . . . . . . . . . . . 1 . . . . . . . . . . . Corrupt 1 | . . . . . . . . . . . 1 . . . . . . . . . . . . . . . . . Smash 7 | . 1 . 1 1 . . . . 2 1 1 . . . . . . . . . . . . . . . . . Sever 6 | . . . . . . . . . . . . . . . . . . . 1 2 1 1 . . 1 . . . Impale 1 | . . . . . . . . . . . . . . . . . . . . 1 . . . . . . . . Melee Attacks 282 | . 16 . 10 2 . . 14 . 6 12 30 . . . 5 20 6 . 5 37 10 7 13 4 33 32 1 19 Impact 90 | . 16 . 10 2 . . 14 . 6 12 30 . . . . . . . . . . . . . . . . . Slashing 187 | . . . . . . . . . . . . . . . 5 20 6 . 5 32 10 7 13 4 33 32 1 19 Piercing 5 | . . . . . . . . . . . . . . . . . . . . 5 . . . . . . . . Sneak Attacks 43 | . 2 . 1 2 . . 1 . 3 . . . . . 3 8 . . . 1 9 1 . . 6 3 . 3 Combat Hostiles 3 | . . . . . . . . . 3 . . . . . . . . . . . . . . . . . . . Follow-up Attacks 9 | . . . . . . . . . . . . . . . . . . . . 4 . 1 1 . 3 . . . Damage Inflicted 25580 | 130 1057 550 2617 497 . 402 1396 2394 464 720 2942 905 789 1665 245 1116 259 7 878 757 1312 283 922 238 1842 744 . 449 Guns 8856 | 130 536 550 1843 108 . 171 1126 788 150 634 1754 . 789 235 . . . . . . . . . . . 42 . . Cannons 1355 | . . . 244 . . 25 . 59 29 . 342 . . . . 533 123 . . . . . . . . . . . Explosions 8341 | . 401 . 462 225 . 203 148 1546 . . 536 905 . 1412 . . . . 777 182 572 . . . 796 176 . . Melee 6876 | . 120 . 60 164 . . 118 . 282 86 306 . . . 245 583 119 . 101 575 740 283 922 238 1046 526 . 362 Ramming 152 | . . . 8 . . 3 4 1 3 . 4 . . 18 . . 17 7 . . . . . . . . . 87 Kinetic 9444 | 130 536 550 2087 108 . 139 1126 436 29 634 1989 . 789 235 . 533 123 . . . . . . . . . . . Thermal 826 | . 95 . . . . . . 367 150 . . 141 . 73 . . . . . . . . . . . . . . Explosive 5215 | . 306 . 462 225 . 203 148 1368 . . . . . . . . . . 777 182 572 . . . 796 176 . . Electromagnetic 3025 | . . . . . . 57 . 222 . . 643 764 . 1339 . . . . . . . . . . . . . . Impact 1136 | . 120 . 60 164 . . 118 . 282 86 306 . . . . . . . . . . . . . . . . . Slashing 5608 | . . . . . . . . . . . . . . . 245 583 119 . 101 443 740 283 922 238 1046 526 . 362 Piercing 132 | . . . . . . . . . . . . . . . . . . . . 132 . . . . . . . . Entropic 42 | . . . . . . . . . . . . . . . . . . . . . . . . . . 42 . . Highest Corruption 39 | . . . . . . . . . . . 2 36 36 39 . . . . . 1 4 5 5 5 4 4 . 7 Average Corruption 10 | . . . . . . . . . . . 1 31 33 31 . . . . . 1 3 4 5 5 2 3 . 5 Corruption Purged 7 | . . . . . . . . . . . . . 7 . . . . . . . . . . . . . . . Corruption Blocked . | . . . . . . . . . . . . . . . . . . . . . . . . . . . . . Effects 107 | . . . . . . . . . . . 17 29 26 11 . . . . . 1 2 9 2 4 5 . . 1 Message Errors 25 | . . . . . . . . . . . 4 8 7 2 . . . . . 1 . 1 . . 1 . . 1 Matter Fused 25 | . . . . . . . . . . . 3 6 5 2 . . . . . . . 4 . 3 2 . . . Heat Flow Errors 9 | . . . . . . . . . . . 2 2 1 . . . . . . . . 3 1 . . . . . Energy Discharges 10 | . . . . . . . . . . . 1 5 2 . . . . . . . 1 . 1 . . . . . Parts Fused 2 | . . . . . . . . . . . . 1 1 . . . . . . . . . . . . . . . Data Loss (minor) 15 | . . . . . . . . . . . 4 5 4 1 . . . . . . 1 . . . . . . . Data Loss (major) 6 | . . . . . . . . . . . 1 1 1 . . . . . . . . . . 1 2 . . . Misfires 4 | . . . . . . . . . . . 1 . 1 2 . . . . . . . . . . . . . . Alerts 1 | . . . . . . . . . . . 1 . . . . . . . . . . . . . . . . . Misdirections 1 | . . . . . . . . . . . . . . 1 . . . . . . . . . . . . . . Weapon Failures 9 | . . . . . . . . . . . . 1 4 3 . . . . . . . 1 . . . . . . Overload Shots . | . . . . . . . . . . . . . . . . . . . . . . . . . . . . . Overflow Damage 1898 | . 80 . 44 97 . . . 49 69 26 145 . . 53 58 217 . . 63 34 414 . 132 73 224 96 . 24 Projectiles 22 | . . . . . . . . . . . . . . . . 22 . . . . . . . . . . . . Explosions 337 | . . . . 18 . . . 49 . . 51 . . 53 . . . . 63 . 30 . . . 58 15 . . Melee 1539 | . 80 . 44 79 . . . . 69 26 94 . . . 58 195 . . . 34 384 . 132 73 166 81 . 24 Knockbacks 9 | . 1 . . . . 1 . . . 1 1 . . . . 3 1 . . . . . . . . . . 1 Impact 5 | . 1 . . . . 1 . . . 1 1 . . . . . . . . . . . . . . . . 1 Kinetic 4 | . . . . . . . . . . . . . . . . 3 1 . . . . . . . . . . . Secondary . | . . . . . . . . . . . . . . . . . . . . . . . . . . . . . Self-Inflicted Damage 315 | . 14 . . . . . 2 35 . . . . . 140 . . 8 3 . . 29 . . . 41 . . 43 Shots 8 | . 1 . . . . . . 2 . . . . . 3 . . . . . . 1 . . . 1 . . . Rammed 18 | . . . 5 . . 1 1 1 1 . 1 . . 2 . . 2 1 . . . . . . . . . 3 Targets Rammed 19 | . . . 5 . . 2 1 1 1 . 1 . . 2 . . 2 1 . . . . . . . . . 3 Kicked . | . . . . . . . . . . . . . . . . . . . . . . . . . . . . . Crushed 1 | . . . . . . 1 . . . . . . . . . . . . . . . . . . . . . . Highest Temperature 414 | . 35 26 189 45 . 198 57 384 304 84 376 261 229 27 . 414 346 144 32 187 200 315 196 . 122 . . 20 Average Temperature 68 | . 12 10 57 21 . 62 17 91 122 31 119 92 66 11 . 67 110 50 7 38 102 90 64 . 39 . . 11 Received Heat Transfer 2401 | . 168 129 438 . . . 180 267 38 65 544 . 27 246 . . 72 6 22 . . 4 . . 33 36 9 117 Effects 9 | . . . . . . . . 1 . . 2 . 1 . . . 5 . . . . . . . . . . . Shutdowns 1 | . . . . . . . . . . . . . . . . . 1 . . . . . . . . . . . Energy Bleed 4 | . . . . . . . . . . . 1 . 1 . . . 2 . . . . . . . . . . . Interference 1 | . . . . . . . . . . . 1 . . . . . . . . . . . . . . . . . Matter Decay 1 | . . . . . . . . 1 . . . . . . . . . . . . . . . . . . . . Short Circuit 1 | . . . . . . . . . . . . . . . . . 1 . . . . . . . . . . . Damage (minor) 1 | . . . . . . . . . . . . . . . . . 1 . . . . . . . . . . . Siege Activations . | . . . . . . . . . . . . . . . . . . . . . . . . . . . . . Martial Activations . | . . . . . . . . . . . . . . . . . . . . . . . . . . . . . Shielding Activations . | . . . . . . . . . . . . . . . . . . . . . . . . . . . . . Robots Disrupted . | . . . . . . . . . . . . . . . . . . . . . . . . . . . . . Combat Hostiles . | . . . . . . . . . . . . . . . . . . . . . . . . . . . . . Robots Corrupted 15 | . 1 . 1 . . . 1 1 . . 4 5 . 2 . . . . . . . . . . . . . . Combat Hostiles 11 | . . . . . . . 1 1 . . 4 5 . . . . . . . . . . . . . . . . Parts Fried 22 | . 1 . 1 1 . . . 1 1 . 9 3 . 5 . . . . . . . . . . . . . . Impact Corruptions 14 | . 3 . 2 1 . . 1 . 2 1 3 . . . . . . . . . . . . . . . . 1 Robots Melted . | . . . . . . . . . . . . . . . . . . . . . . . . . . . . . Combat Hostiles . | . . . . . . . . . . . . . . . . . . . . . . . . . . . . . Parts Melted 1 | . . . . . . . . . . 1 . . . . . . . . . . . . . . . . . . Heat Transferred 1553 | . 50 . . . . . . 814 389 . . 250 . 50 . . . . . . . . . . . . . . Parts Sabotaged . | . . . . . . . . . . . . . . . . . . . . . . . . . . . . . Parts Stolen . | . . . . . . . . . . . . . . . . . . . . . . . . . . . . . Parts Stripped . | . . . . . . . . . . . . . . . . . . . . . . . . . . . . . Power Chain Reactions 5 | . . . . . . . . 1 . . 1 2 . 1 . . . . . . . . . . . . . . Alert | -11 -10 -10 -9 -9 -9 -8 -8 -8 -8 -6 -6 -6 -6 -6 -5 -5 -5 -5 -4 -4 -4 -4 -4 -3 -3 -3 -2 -1 ------- Run | Yrd Mat Min Mat Min Exi Min Mat Sto Rec Fac Ext Cet Arc Hub Fac Upp Upp War Pro Fac Upp Upp Zhi Pro Res Qua Res Acc Maximum Alert Level 2 | . 1 . 2 . . . . 2 . 2 . 1 1 2 1 . . . . . . . . . 1 1 1 . Low Security (%) 79 | 100 99 100 56 100 . 100 100 36 100 50 100 92 99 49 37 . . . . 100 . . . . 89 76 . 100 Level 1 14 | . . . 35 . . . . 37 . 30 . 7 . 8 62 . . . . . . . . . 10 23 100 . Level 2 5 | . . . 7 . . . . 25 . 18 . . . 42 . . . . . . . . . . . . . . Level 3 . | . . . . . . . . . . . . . . . . . . . . . . . . . . . . . Level 4 . | . . . . . . . . . . . . . . . . . . . . . . . . . . . . . Level 5 . | . . . . . . . . . . . . . . . . . . . . . . . . . . . . . High Security . | . . . . . . . . . . . . . . . . . . . . . . . . . . . . . Max Security . | . . . . . . . . . . . . . . . . . . . . . . . . . . . . . Peak Influence 652 | 5 204 106 460 178 . 116 181 452 91 471 120 212 201 652 300 . . . . 87 . . . . 275 380 238 194 Initial 290 | . . 57 . 178 . . . 74 80 150 79 53 60 34 290 . . . . 14 . . . . . 145 207 136 Average 122 | 1 111 34 191 36 . 25 69 283 17 221 47 137 144 277 220 . . . . 39 . . . . 83 197 220 86 Influence Increases 10416 | 10 551 319 1054 140 . 231 580 1131 291 984 610 379 296 740 76 200 333 317 185 237 95 50 15 10 635 415 51 481 Destroy 0b10 Robot/C 4440 | . 300 200 560 80 . 160 340 660 140 320 360 160 80 160 . 180 40 240 100 60 80 40 . . 100 80 . . Destroy 0b10 Robot/NC 535 | 10 35 30 80 20 . 20 25 40 15 15 30 10 25 25 20 . 5 15 . 15 . . 15 10 40 15 . 20 Destroy Leader 856 | . 54 40 176 10 . 30 100 180 . 70 64 . . 30 4 20 10 . 10 22 . 10 . . 14 10 . 2 Allied During Kill 887 | . . 34 6 . . . . 81 32 108 94 170 105 187 . . 8 62 . . . . . . . . . . Successful Hack 540 | . 15 . 51 . . . 24 23 14 93 27 7 . 5 46 . . . . 30 . . . . 51 43 18 93 Select Force Hacks 240 | . 60 . 60 . . . . 30 90 . . . . . . . . . . . . . . . . . . . Disable Machine 615 | . 45 . 15 . . . 15 . . 135 30 . 75 120 . . . . . . . . . . 45 120 . 15 Destroy Structure 788 | . 27 . 76 15 . 21 31 87 . 63 5 17 11 138 6 . . . . 50 . . . . 160 42 3 36 Advance Influence 150 | . . . . . . . . . . 150 . . . . . . . . . . . . . . . . . . Partial Spotted 180 | . 15 . . . . . . 30 . . . . . . . . . . . 30 . . . . . 30 30 45 Lose Combat Pursuer 1185 | . . 15 30 15 . . 45 . . 30 . 15 . 75 . . 270 . 75 30 15 . . . 225 75 . 270 Influence Decreases 10349 | 10 403 467 595 599 . 231 403 1101 498 820 678 323 350 244 494 376 252 280 279 241 115 50 15 10 376 304 193 642 Entered New Map 1842 | . . 91 . 281 . . . 103 127 . 85 43 92 64 304 66 . 81 118 10 8 . . . . 114 163 92 Time Decay 6516 | 10 403 343 561 318 . 231 403 628 320 440 491 230 198 80 190 270 202 88 151 231 97 40 15 10 206 150 30 180 Lost Part 449 | . . 13 10 . . . . 30 . . 46 10 . . . 20 30 . 10 . 10 10 . . 10 40 . 210 Lost Ally 921 | . . 20 24 . . . . 190 . 230 56 40 60 100 . 20 20 111 . . . . . . 40 . . 10 Purge Threat 621 | . . . . . . . . 150 51 150 . . . . . . . . . . . . . . 120 . . 150 Squads Dispatched 41 | . 6 . 4 1 . . 3 5 . 5 2 . . 3 1 . . . . 5 . . . . 2 2 1 1 Investigation 9 | . 4 . 2 1 . . 1 1 . . . . . . . . . . . . . . . . . . . . Extermination 8 | . . . . . . . . . . 2 . . . . 1 . . . . 2 . . . . 1 1 . 1 Reinforcement 21 | . 2 . 2 . . . 2 1 . 3 2 . . 3 . . . . . 3 . . . . 1 1 1 . Assault 2 | . . . . . . . . 2 . . . . . . . . . . . . . . . . . . . . Garrison 1 | . . . . . . . . 1 . . . . . . . . . . . . . . . . . . . . Intercept . | . . . . . . . . . . . . . . . . . . . . . . . . . . . . . Searches Triggered . | . . . . . . . . . . . . . . . . . . . . . . . . . . . . . Construction Impeded 3 | . . . . . . . . 1 . 1 . . . . . . . . . . . . . . 1 . . . Haulers Reinforced . | . . . . . . . . . . . . . . . . . . . . . . . . . . . . . Active Scanning Responses . | . . . . . . . . . . . . . . . . . . . . . . . . . . . . . Cargo Convoy Interrupts . | . . . . . . . . . . . . . . . . . . . . . . . . . . . . . Stealth | -11 -10 -10 -9 -9 -9 -8 -8 -8 -8 -6 -6 -6 -6 -6 -5 -5 -5 -5 -4 -4 -4 -4 -4 -3 -3 -3 -2 -1 --------- Run | Yrd Mat Min Mat Min Exi Min Mat Sto Rec Fac Ext Cet Arc Hub Fac Upp Upp War Pro Fac Upp Upp Zhi Pro Res Qua Res Acc Distress Signals 24 | . . . 2 . . . . 2 . 3 1 1 . 1 . . . 2 . 1 . . . . 3 2 2 4 Communications Jammed . | . . . . . . . . . . . . . . . . . . . . . . . . . . . . . Distress Signals . | . . . . . . . . . . . . . . . . . . . . . . . . . . . . . Times Spotted 464 | . 23 11 40 6 . 6 22 43 3 19 26 7 29 24 1 5 22 46 11 18 5 3 . . 28 23 6 37 Peak Tracking Total 28 | . 6 3 7 4 . 3 4 7 1 6 4 5 1 10 1 5 8 10 5 7 5 2 . . 10 12 7 28 Tactical Retreats 32 | . . 1 1 1 . . 3 . . 1 . 1 . 3 . . 6 . 2 2 1 . . . 4 1 . 5 Traps | -11 -10 -10 -9 -9 -9 -8 -8 -8 -8 -6 -6 -6 -6 -6 -5 -5 -5 -5 -4 -4 -4 -4 -4 -3 -3 -3 -2 -1 ------- Run | Yrd Mat Min Mat Min Exi Min Mat Sto Rec Fac Ext Cet Arc Hub Fac Upp Upp War Pro Fac Upp Upp Zhi Pro Res Qua Res Acc Traps Triggered 14 | . 6 . 1 . . . 1 . . 1 3 . . . . . . . . . . . . . 1 1 . . Indirectly 1 | . . . . . . . . . . . 1 . . . . . . . . . . . . . . . . . Trap Hack Attempts . | . . . . . . . . . . . . . . . . . . . . . . . . . . . . . Triggered . | . . . . . . . . . . . . . . . . . . . . . . . . . . . . . Disarmed . | . . . . . . . . . . . . . . . . . . . . . . . . . . . . . Reprogrammed . | . . . . . . . . . . . . . . . . . . . . . . . . . . . . . Reused . | . . . . . . . . . . . . . . . . . . . . . . . . . . . . . Traps Extracted . | . . . . . . . . . . . . . . . . . . . . . . . . . . . . . Installed . | . . . . . . . . . . . . . . . . . . . . . . . . . . . . . Triggered . | . . . . . . . . . . . . . . . . . . . . . . . . . . . . . Machines | -11 -10 -10 -9 -9 -9 -8 -8 -8 -8 -6 -6 -6 -6 -6 -5 -5 -5 -5 -4 -4 -4 -4 -4 -3 -3 -3 -2 -1 ---------- Run | Yrd Mat Min Mat Min Exi Min Mat Sto Rec Fac Ext Cet Arc Hub Fac Upp Upp War Pro Fac Upp Upp Zhi Pro Res Qua Res Acc Machines Disabled 45 | . 3 . 2 . . . 1 . . 9 3 . 5 8 . . . 1 . . 1 . . . 3 8 . 1 Max in Single Turn 7 | . 1 . 1 . . . 1 . . . 1 . 2 7 . . . 1 . . 1 . . . 1 2 . 1 Garrison Access 6 | . . . . . . . 1 1 . . . . . 1 . . . . . . . . . . 1 . . 2 Network Hub 1 | . . . . . . . . . . . . . . 1 . . . . . . . . . . . . . . Machines Repaired . | . . . . . . . . . . . . . . . . . . . . . . . . . . . . . Machines Dismantled . | . . . . . . . . . . . . . . . . . . . . . . . . . . . . . Machines Sabotaged . | . . . . . . . . . . . . . . . . . . . . . . . . . . . . . Overloaded Fab Kills . | . . . . . . . . . . . . . . . . . . . . . . . . . . . . . Hacking | -11 -10 -10 -9 -9 -9 -8 -8 -8 -8 -6 -6 -6 -6 -6 -5 -5 -5 -5 -4 -4 -4 -4 -4 -3 -3 -3 -2 -1 --------- Run | Yrd Mat Min Mat Min Exi Min Mat Sto Rec Fac Ext Cet Arc Hub Fac Upp Upp War Pro Fac Upp Upp Zhi Pro Res Qua Res Acc Machines Accessed 152 | . 10 1 15 2 3 . 3 18 10 10 11 3 . 3 5 . 3 10 . 9 2 . 8 1 4 11 3 7 Terminals 86 | . 7 1 10 . . . 1 14 5 6 11 3 . 2 1 . . . . 6 . . . 1 3 10 1 4 Fabricators 7 | . . . . . . . . . . 3 . . . . 2 . . . . 2 . . . . . . . . Repair Stations 9 | . 1 . 2 . . . 1 2 . 1 . . . . 1 . . . . . . . . . . . 1 . Recycling Units 11 | . 2 . 2 . . . . 1 3 . . . . . 1 . . . . . . . . . . . 1 1 Scanalyzers 3 | . . . 1 . . . . . . . . . . . . . . . . 1 . . . . . 1 . . Garrison Access 6 | . . . . . . . 1 1 . . . . . 1 . . . . . . . . . . 1 . . 2 Total Hacks 523 | . 34 2 46 2 40 . 7 51 51 25 33 8 . 6 17 . 7 17 . 39 2 . 44 1 19 29 13 30 Successful 371 | . 22 2 34 2 40 . 5 41 44 16 19 4 . 4 8 . 7 17 . 11 2 . 44 1 8 15 4 21 Failed 152 | . 12 . 12 . . . 2 10 7 9 14 4 . 2 9 . . . . 28 . . . . 11 14 9 9 Catastrophic 23 | . . . 1 . . . . . 1 2 2 1 . . 2 . . . . 6 . . . . 4 3 1 . Database Lockouts . | . . . . . . . . . . . . . . . . . . . . . . . . . . . . . Manual 182 | . 22 3 26 . . . 2 19 19 17 20 1 . 4 8 . . . . 9 . . . . 11 13 2 6 Terminals 296 | . 28 2 30 . . . 3 43 24 16 33 8 . 5 4 . . . . 27 . . . 1 18 26 4 24 Fabricators 23 | . . . . . . . . . . 7 . . . . 8 . . . . 8 . . . . . . . . Repair Stations 24 | . 3 . 5 . . . 3 6 . 2 . . . . 2 . . . . . . . . . . . 3 . Recycling Units 26 | . 3 . 7 . . . . 1 3 . . . . . 3 . . . . . . . . . . . 6 3 Scanalyzers 11 | . . . 4 . . . . . . . . . . . . . . . . 4 . . . . . 3 . . Garrison Access 7 | . . . . . . . 1 1 . . . . . 1 . . . . . . . . . . 1 . . 3 Terminal Hacks 251 | . 8 2 9 2 40 . 1 23 31 6 16 4 . 2 1 . 7 17 . 4 2 . 44 1 6 11 . 14 Record 145 | . 3 . . . 40 . . 5 25 . 1 3 . . . . 5 16 . 1 . . 36 1 2 5 . 2 Part Schematic 11 | . . . 1 . . . . 3 . 1 2 . . . . . . . . . . . 4 . . . . . Robot Schematic 1 | . . . . . . . . . 1 . . . . . . . . . . . . . . . . . . . Robot Analysis 11 | . 1 1 . . . . . 1 1 . 3 . . . . . . . . . . . 4 . . . . . Prototype ID Bank 14 | . . . 2 . . . . 4 1 . 6 . . . . . . . . 1 . . . . . . . . Open Door 21 | . . . . 2 . . . 5 . 1 4 1 . . . . 2 1 . . 2 . . . . 2 . 1 Open DSF 1 | . . . . . . . . . . . . . . . . . . . . 1 . . . . . . . . Level Access Points 3 | . . . . . . . . . . 1 . . . . . . . . . . . . . . . 1 . 1 Branch Access Points 5 | . . . 1 . . . . . . 1 . . . . . . . . . 1 . . . . 1 1 . . Machine Index 1 | . . . . . . . . . . . . . . . . . . . . . . . . . . . . 1 Terminal Index 2 | . . . 1 . . . . . . . . . . . . . . . . . . . . . . 1 . . Alert Level 10 | . . 1 1 . . . . 2 1 1 . . . 1 1 . . . . . . . . . . 1 . 1 Unreport Threat 5 | . . . . . . . . 1 1 1 . . . . . . . . . . . . . . 1 . . 1 Locate Traps 5 | . 2 . 2 . . . . . . . . . . . . . . . . . . . . . 1 . . . Maintenance Status 1 | . . . . . . . . . . . . . . . . . . . . . . . . . . . . 1 Patrol Status 1 | . . . . . . . . . . . . . . . . . . . . . . . . . . . . 1 Recall Investigation 1 | . 1 . . . . . . . . . . . . . . . . . . . . . . . . . . . Recall Extermination 1 | . . . . . . . . . . . . . . . . . . . . . . . . . 1 . . . Recall Reinforcements 1 | . . . . . . . . 1 . . . . . . . . . . . . . . . . . . . . Hauler Manifests 3 | . . . 1 . . . . 1 . . . . . . . . . . . . . . . . . . . 1 Registered Components 1 | . . . . . . . . . 1 . . . . . . . . . . . . . . . . . . . Registered Prototypes 1 | . . . . . . . . . . . . . . . . . . . . . . . . . . . . 1 Zone Layout 6 | . 1 . . . . . 1 . . . . . . 1 . . . . . . . . . . . . . 3 Fabricator Hacks 5 | . . . . . . . . . . 2 . . . . 2 . . . . 1 . . . . . . . . Load Schematic 1 | . . . . . . . . . . . . . . . 1 . . . . . . . . . . . . . Build 4 | . . . . . . . . . . 2 . . . . 1 . . . . 1 . . . . . . . . Repair Station Hacks 16 | . 2 . 3 . . . 2 6 . 2 . . . . 1 . . . . . . . . . . . . . Scan Component 8 | . 1 . 2 . . . 1 3 . 1 . . . . . . . . . . . . . . . . . . Repair 7 | . 1 . 1 . . . 1 3 . 1 . . . . . . . . . . . . . . . . . . Refit 1 | . . . . . . . . . . . . . . . 1 . . . . . . . . . . . . . Recycling Unit Hacks 9 | . 1 . 4 . . . . . . . . . . . 1 . . . . . . . . . . . 2 1 Process 2 | . . . 2 . . . . . . . . . . . . . . . . . . . . . . . . . Report Inventory 2 | . 1 . . . . . . . . . . . . . 1 . . . . . . . . . . . . . Retrieve Matter 3 | . . . 2 . . . . . . . . . . . . . . . . . . . . . . . 1 . Retrieve Components 2 | . . . . . . . . . . . . . . . . . . . . . . . . . . . 1 1 Scanalyzer 6 | . . . 4 . . . . . . . . . . . . . . . . 1 . . . . . 1 . . Insert Component 4 | . . . 2 . . . . . . . . . . . . . . . . 1 . . . . . 1 . . Analyze 2 | . . . 2 . . . . . . . . . . . . . . . . . . . . . . . . . Garrison Access Hacks 7 | . . . . . . . 1 1 . . . . . 1 . . . . . . . . . . 1 . . 3 Seal Access 6 | . . . . . . . 1 1 . . . . . 1 . . . . . . . . . . 1 . . 2 Coupler Status 1 | . . . . . . . . . . . . . . . . . . . . . . . . . . . . 1 Unauthorized Hacks 77 | . 11 . 14 . . . 1 11 13 6 3 . . 1 3 . . . . 5 . . . . 1 3 2 3 Terminals 56 | . 9 . 12 . . . 1 10 10 2 3 . . 1 1 . . . . 1 . . . . 1 2 1 2 Assimilate 5 | . 1 . . . . . . 1 . 1 . . . . . . . . . . . . . . . . 1 1 Botnet 24 | . 2 . 4 . . . 1 3 4 1 3 . . . 1 . . . . 1 . . . . 1 2 . 1 Disrupt 1 | . . . . . . . . . . . . . . 1 . . . . . . . . . . . . . . Operators 4 | . . . 2 . . . . 1 1 . . . . . . . . . . . . . . . . . . . Skim 22 | . 6 . 6 . . . . 5 5 . . . . . . . . . . . . . . . . . . . Fabricators 9 | . . . . . . . . . . 4 . . . . 1 . . . . 4 . . . . . . . . Prioritize 2 | . . . . . . . . . . 1 . . . . . . . . . 1 . . . . . . . . Liberate 2 | . . . . . . . . . . 1 . . . . . . . . . 1 . . . . . . . . Fabnet 5 | . . . . . . . . . . 2 . . . . 1 . . . . 2 . . . . . . . . Repair Stations . | . . . . . . . . . . . . . . . . . . . . . . . . . . . . . Recycling Units 11 | . 2 . 2 . . . . 1 3 . . . . . 1 . . . . . . . . . . . 1 1 Recyclers 3 | . . . . . . . . . . . . . . . 1 . . . . . . . . . . . 1 1 Tunnel 8 | . 2 . 2 . . . . 1 3 . . . . . . . . . . . . . . . . . . . Scanalyzers 1 | . . . . . . . . . . . . . . . . . . . . . . . . . . 1 . . Researchers 1 | . . . . . . . . . . . . . . . . . . . . . . . . . . 1 . . Garrison Access . | . . . . . . . . . . . . . . . . . . . . . . . . . . . . . Data Cores Recovered 1 | . . . . . . . . . . . . . . . . . . . . . . . . . 1 . . . Used 1 | . . . . . . . . . . . . . . . . . . . . . . . . . 1 . . . Hacking Detections 87 | . 8 1 12 . . . 2 10 5 8 9 3 . 2 3 . . . . 7 . . . . 3 6 2 6 Full Trace Events . | . . . . . . . . . . . . . . . . . . . . . . . . . . . . . Feedback Events . | . . . . . . . . . . . . . . . . . . . . . . . . . . . . . Feedback Blocked . | . . . . . . . . . . . . . . . . . . . . . . . . . . . . . Robot Schematics Acquired 1 | . . . . . . . . . 1 . . . . . . . . . . . . . . . . . . . Robots Built . | . . . . . . . . . . . . . . . . . . . . . . . . . . . . . Authchips . | . . . . . . . . . . . . . . . . . . . . . . . . . . . . . Time . | . . . . . . . . . . . . . . . . . . . . . . . . . . . . . Total Robot Build Rating . | . . . . . . . . . . . . . . . . . . . . . . . . . . . . . Part Schematics Acquired 13 | . . . 3 . . . . 3 . 1 2 . . . . . . . . . . . 4 . . . . . Parts Built 8 | . . . . . . . . . . 4 . . . . 2 . . . . 2 . . . . . . . . Authchips . | . . . . . . . . . . . . . . . . . . . . . . . . . . . . . Time 262 | . . . . . . . . . . 134 . . . . 64 . . . . 64 . . . . . . . . Total Part Build Rating 56 | . . . . . . . . . . 24 . . . . 16 . . . . 16 . . . . . . . . Parts Repaired 7 | . 1 . 1 . . . 1 3 . 1 . . . . . . . . . . . . . . . . . . Time 241 | . 26 . 32 . . . 44 120 . 19 . . . . . . . . . . . . . . . . . . Parts Recycled . | . . . . . . . . . . . . . . . . . . . . . . . . . . . . . Recycled Matter 367 | . . . 367 . . . . . . . . . . . . . . . . . . . . . . . . . Retrieved Matter 519 | . . . 519 . . . . . . . . . . . . . . . . . . . . . . . . . Retrieved Components 3 | . . . . . . . . . . . . . . . . . . . . . . . . . . . . 3 Parts Scanalyzed 3 | . . . 2 . . . . . . . . . . . . . . . . 1 . . . . . . . . Part Schematics Acquired 2 | . . . 2 . . . . . . . . . . . . . . . . . . . . . . . . . Parts Damaged . | . . . . . . . . . . . . . . . . . . . . . . . . . . . . . Bothacking | -11 -10 -10 -9 -9 -9 -8 -8 -8 -8 -6 -6 -6 -6 -6 -5 -5 -5 -5 -4 -4 -4 -4 -4 -3 -3 -3 -2 -1 ------------ Run | Yrd Mat Min Mat Min Exi Min Mat Sto Rec Fac Ext Cet Arc Hub Fac Upp Upp War Pro Fac Upp Upp Zhi Pro Res Qua Res Acc Used RIF Installer . | . . . . . . . . . . . . . . . . . . . . . . . . . . . . . Robots Hacked 19 | . . . . . 4 . 1 . 3 . . . . . . 2 1 3 . . . 1 . . 4 . . . Non-combat 5 | . . . . . 3 . 1 . 1 . . . . . . . . . . . . . . . . . . . Combat 13 | . . . . . 1 . . . 2 . . . . . . 2 1 3 . . . . . . 4 . . . Robot Hacks Applied 8 | . . . . . 4 . 1 . 3 . . . . . . . . . . . . . . . . . . . parse_system 7 | . . . . . 4 . . . 3 . . . . . . . . . . . . . . . . . . . find_recycling 1 | . . . . . . . 1 . . . . . . . . . . . . . . . . . . . . . Manual 1 | . . . . . . . . . . . . . . . . . . . . . . 1 . . . . . . Relay Couplers Released 1 | . . . . . . . . 1 . . . . . . . . . . . . . . . . . . . . Machine Destruction 1 | . . . . . . . . 1 . . . . . . . . . . . . . . . . . . . . Fabnet Peak Effective % 7 | . . . . . . . . . . . . . . . 6 6 6 6 5 5 5 5 5 7 7 7 2 . Autooverrided 10 | . . . . . . . . . . . . . . . . 2 1 3 . . . . . . 4 . . . Robots Rewired 30 | . . . . . . . . . 13 . 12 . . . . . . 5 . . . . . . . . . . Allies Hacked . | . . . . . . . . . . . . . . . . . . . . . . . . . . . . . Hacks Repelled . | . . . . . . . . . . . . . . . . . . . . . . . . . . . . . Allies | -11 -10 -10 -9 -9 -9 -8 -8 -8 -8 -6 -6 -6 -6 -6 -5 -5 -5 -5 -4 -4 -4 -4 -4 -3 -3 -3 -2 -1 -------- Run | Yrd Mat Min Mat Min Exi Min Mat Sto Rec Fac Ext Cet Arc Hub Fac Upp Upp War Pro Fac Upp Upp Zhi Pro Res Qua Res Acc Total Allies 75 | . . 3 . . . . . 13 13 3 17 5 . . . 2 4 8 . . . 1 . . 4 . 1 1 Largest Group 15 | . . 3 2 . . . . 11 13 13 13 15 15 11 . 2 4 5 . . . 1 . . 1 . 1 1 Highest-Rated Group 812 | . . 40 32 . . . . 199 257 257 503 812 809 576 . 24 122 220 . . . 116 . . 82 . 45 45 Highest-Rated Ally 159 | . . 16 16 . . . . 31 34 34 159 159 159 96 . 12 31 49 . . . 116 . . 82 . 45 45 Total Orders 13 | . . . 1 . . . . . . . 12 . . . . . . . . . . . . . . . . . STAY 1 | . . . 1 . . . . . . . . . . . . . . . . . . . . . . . . . EXPLORE 6 | . . . . . . . . . . . 6 . . . . . . . . . . . . . . . . . RETURN 6 | . . . . . . . . . . . 6 . . . . . . . . . . . . . . . . . Ally Attacks 421 | . . 16 12 . . . . 95 10 65 50 20 25 47 . 11 4 61 . . . . . . 5 . . . Total Damage 10752 | . . 149 147 . . . . 1148 172 2205 760 608 985 1546 . 76 40 2865 . . . . . . 51 . . . Kills 70 | . . 2 2 . . . . 12 4 11 7 4 3 8 . 1 1 15 . . . . . . . . . . Allies Corrupted 3 | . . . . . . . . . . . . . . 3 . . . . . . . . . . . . . . Allies Melted . | . . . . . . . . . . . . . . . . . . . . . . . . . . . . . Intel | -11 -10 -10 -9 -9 -9 -8 -8 -8 -8 -6 -6 -6 -6 -6 -5 -5 -5 -5 -4 -4 -4 -4 -4 -3 -3 -3 -2 -1 ------- Run | Yrd Mat Min Mat Min Exi Min Mat Sto Rec Fac Ext Cet Arc Hub Fac Upp Upp War Pro Fac Upp Upp Zhi Pro Res Qua Res Acc Active Infowar (turns) 13891 | 31 784 703 1867 666 . 868 1131 743 200 1019 296 . . . 139 882 471 943 607 550 207 262 133 159 483 307 61 379 Optics 5470 | . . . . . . . . . . . . . . . 26 882 471 943 607 550 207 262 133 159 483 307 61 379 Sensors 241 | . . . . . . . . . . . . . . . . . . . . . . . . . . . . 241 Terrain 4295 | . . . . . . . . . . . . . . . 111 555 471 84 603 550 207 262 133 159 483 307 61 309 Seismic 8976 | 31 784 703 1867 666 . 868 1070 742 200 1019 296 . . . . . . . . 375 49 . . . 29 277 . . Decoding 289 | . . . . . . . . . . . . . . . . . . . . . 96 193 . . . . . . Cloaking 1 | . . . . . . . . . . . . . . . . . . 1 . . . . . . . . . . Jamming 303 | . . . . . . . 107 185 . . . . . . 2 6 . 3 . . . . . . . . . . Robot Analysis Total 11 | . 1 1 . . . . . 1 1 . 3 . . . . . . . . . . . 4 . . . . . Derelict Logs Recovered 11 | . . 1 . 3 . . . . . . . . . . . 1 2 . 1 . . 3 . . . . . . Drone Launches 19 | . . . . . . . . . . . 19 . . . . . . . . . . . . . . . . . Drone Recoveries 9 | . . . . . . . . . . . 9 . . . . . . . . . . . . . . . . . Exploration | -11 -10 -10 -9 -9 -9 -8 -8 -8 -8 -6 -6 -6 -6 -6 -5 -5 -5 -5 -4 -4 -4 -4 -4 -3 -3 -3 -2 -1 ------------- Run | Yrd Mat Min Mat Min Exi Min Mat Sto Rec Fac Ext Cet Arc Hub Fac Upp Upp War Pro Fac Upp Upp Zhi Pro Res Qua Res Acc Turns Passed 22658 | 119 1009 959 2797 1383 671 920 1363 2178 1515 1083 1747 499 416 169 386 882 471 943 607 550 207 262 133 159 483 307 61 379 Spaces Moved 16559 | 64 550 660 1184 896 410 540 452 936 915 523 829 213 169 91 333 1320 703 836 655 644 333 457 200 404 901 481 142 718 Core 112 | 7 . . . . . . . . . . . . . 16 51 . . . . . . . . . . . . 38 Treads 5295 | 27 193 241 924 410 410 540 299 455 . 510 829 213 169 75 . . . . . . . . . . . . . . Legs . | . . . . . . . . . . . . . . . . . . . . . . . . . . . . . Wheels 3114 | 30 357 419 260 486 . . 153 481 915 13 . . . . . . . . . . . . . . . . . . Hover 8038 | . . . . . . . . . . . . . . . 282 1320 703 836 655 644 333 457 200 404 901 481 142 680 Flight . | . . . . . . . . . . . . . . . . . . . . . . . . . . . . . Fastest Speed 16 | 50 95 95 135 135 160 160 135 120 135 150 155 156 160 50 32 32 38 44 42 42 49 47 36 36 16 16 36 28 Average Speed 102 | 118 130 124 184 148 160 160 199 180 148 155 161 159 160 140 59 38 51 49 48 50 49 47 42 36 35 30 36 38 Slowest Speed 240 | 160 240 240 240 240 160 240 240 232 150 156 232 160 160 160 150 112 118 111 49 111 49 53 49 36 44 40 36 150 Overloaded Moves 310 | . . . . . . . . . . . . . . . . . . . 9 55 . . . . 29 144 . 73 Propulsion Burnouts . | . . . . . . . . . . . . . . . . . . . . . . . . . . . . . Robots Hopped . | . . . . . . . . . . . . . . . . . . . . . . . . . . . . . Potential Cave-ins 1 | . . . . . . . . . . . . . . . . . . 1 . . . . . . . . . . Cave-ins Triggered . | . . . . . . . . . . . . . . . . . . . . . . . . . . . . . Teleports 1 | . . . . . . . . . . . . . . . . . . . . . . . . . . 1 . . Exploration Rate (%) 63 | 5 96 99 93 100 71 95 39 90 97 14 89 79 83 24 11 95 75 93 82 25 59 59 63 62 32 70 6 22 Regions Visited 28 Branch Regions 19 Pre-discovered Areas 23 | . 3 1 5 . 1 . . 2 5 . . . . . . . 1 . . . . 2 3 . . . . . Known Exits Taken 12 | . . 1 1 . . 1 1 1 1 1 . . . 1 . . . . . 1 1 . . . 1 1 . . Unknown Exits Taken 16 | 1 1 . . 1 1 . . . . . 1 1 1 . 1 1 1 1 1 . . 1 1 1 . . 1 . Scrap Searched 25 | . . 1 . 1 . 1 . . . . . . . . . 4 4 . 3 . 4 4 . 3 . . . . Spaces Dug 188 | . 9 . 16 10 . 13 11 15 . 10 . . . 6 3 10 3 . 11 18 . . . 1 23 16 1 12 Terrain Destroyed 842 | . 26 . 74 26 . 24 27 99 . 10 9 9 15 171 3 29 10 2 60 24 65 16 . 1 103 26 1 12 Melee 101 | . 9 . 7 . . . 11 . . 9 . . . . . 10 3 . 2 18 . . . 1 8 10 1 12 Projectile 80 | . . . . . . . . 1 . 1 8 . 15 12 3 19 7 2 . . . . . . . 12 . . AOE 660 | . 17 . 67 26 . 24 16 98 . . . 9 . 159 . . . . 58 6 65 16 . . 95 4 . . Terrain Rammed . | . . . . . . . . . . . . . . . . . . . . . . . . . . . . . Walls Destroyed . | . . . . . . . . . . . . . . . . . . . . . . . . . . . . . Machines Disabled . | . . . . . . . . . . . . . . . . . . . . . . . . . . . . . Actions | -11 -10 -10 -9 -9 -9 -8 -8 -8 -8 -6 -6 -6 -6 -6 -5 -5 -5 -5 -4 -4 -4 -4 -4 -3 -3 -3 -2 -1 --------- Run | Yrd Mat Min Mat Min Exi Min Mat Sto Rec Fac Ext Cet Arc Hub Fac Upp Upp War Pro Fac Upp Upp Zhi Pro Res Qua Res Acc Total 20876 | 88 749 733 1613 933 421 568 805 1347 1042 724 1060 364 244 110 508 1639 792 1363 924 825 351 486 233 411 1011 594 148 790 Wait 2486 | . 82 10 200 1 3 . 229 284 16 126 26 94 33 . 137 241 61 468 249 109 . 8 . . 32 49 3 25 Move 16531 | 63 549 659 1183 895 409 539 451 935 914 522 828 212 168 90 332 1319 702 836 654 643 332 456 199 403 900 480 141 717 Hop . | . . . . . . . . . . . . . . . . . . . . . . . . . . . . . Pick Up 160 | 10 15 4 23 6 . 1 11 13 3 9 13 7 . . 9 4 4 3 1 5 . 1 3 . 6 6 . 3 Fast Attach 152 | 5 6 3 7 1 . . 6 11 . 4 7 9 3 . 9 11 1 14 2 8 1 3 7 1 8 9 3 13 Attach 57 | 2 . 2 5 . . 2 2 6 . 7 5 2 . . 3 7 2 1 1 2 . 1 . . 3 2 . 2 Detach 18 | . . 1 . . . . 1 1 . 2 . 2 . . 1 6 1 1 . 1 . . . . 1 . . . Swap 262 | . 22 11 53 11 1 11 32 26 10 10 14 8 4 2 1 9 6 6 1 8 1 3 3 1 6 2 . . Drop 285 | . 23 10 34 9 . 2 18 25 3 9 18 18 2 4 8 11 3 17 2 16 . 4 11 2 16 12 . 8 Fire 506 | 8 36 33 93 8 8 11 40 44 13 23 69 12 34 11 3 11 4 1 9 3 8 4 . . 13 7 . . Melee 257 | . 16 . 10 2 . . 14 . 6 12 30 . . . 5 20 6 . 5 30 9 6 10 4 25 27 1 19 Ram 8 | . . . . . . . 1 1 . . . . . 1 . . 2 . . . . . . . . . . 3 Kick . | . . . . . . . . . . . . . . . . . . . . . . . . . . . . . Crush 11 | . . . 5 . . 2 . . 1 . 1 . . 2 . . . . . . . . . . . . . . Escape Stasis 1 | . . . . . . . . . . . . . . . . . . . . . . . . . 1 . . . Rewire 142 | . . . . . . . . 1 76 . 49 . . . . . . 16 . . . . . . . . . . Trap . | . . . . . . . . . . . . . . . . . . . . . . . . . . . . . Miscellaneous . | . . . . . . . . . . . . . . . . . . . . . . . . . . . . . Route ------- -11/Scrapyard -10/Materials (discovered 5 exits: *Mat x3 / *Min / *Sub) -10/Mines (discovered 3 exits: *Mat x2 / Sub) -9/Materials (discovered 5 exits: *Mat x3 / *Min x2) -9/Mines (discovered 4 exits: *Mat x2 / *Exi / [*Zio]) -9/Exiles (discovered 2 exits: [*Min x2]) -8/Mines (discovered 2 exits: *Mat x2) -8/Materials (discovered 5 exits: *Fac x3 / *Sto x2) -8/Storage (discovered 2 exits: Fac / *Rec) -8/Recycling (discovered 2 exits: *Fac / [*Scr]) -6/Factory (discovered 8 exits: Fac x4 / Low x2 / *Ext x2) -6/Extension (discovered 3 exits: *Fac x2 / *Cet) -6/Cetus (discovered 2 exits: *Fac / [*Arc]) -6/Archives (discovered 3 exits: *Fac / *Hub x2) -6/Hub_04(d) -5/Factory -5/Upper Caves -5/Upper Caves (discovered 2 exits: *Fac / *War) -5/Warlord -4/Proximity Caves -4/Factory (discovered 4 exits: *Res / *Upp x2 / Arm) -4/Upper Caves -4/Upper Caves (discovered 2 exits: *Res / *Zhi) -4/Zhirov -3/Proximity Caves -3/Research (discovered 3 exits: *Res / *Qua x2) -3/Quarantine -2/Research -1/Access Tau Ceti IV Orbit History --------- Turn | Location | Event 33 | -11/Scrapyard | Discovered new exit (range 15) 120 | -11/Scrapyard | Entered Materials 172 | -10/Materials | Discovered new exit (range 11) 283 | -10/Materials | Discovered new exit (range 7) 319 | -10/Materials | Build established: Mutant 398 | -10/Materials | Discovered new exit (range 14) 513 | -10/Materials | Learned Storage emergency access door positions 573 | -10/Materials | Learned Storage emergency access door positions 576 | -10/Materials | Discovered new exit (range 6) 623 | -10/Materials | Identified exit to Materials 663 | -10/Materials | Learned location of 2 exits from Subcaves 909 | -10/Materials | Learned 2 Mines zone layouts 922 | -10/Materials | Learned location of Subcaves (-10) 935 | -10/Materials | Repaired Lgt. Armor Plating 978 | -10/Materials | Loaded intel: 2 recycling unit locations 1022 | -10/Materials | Loaded intel: 15 trap records 1129 | -10/Materials | Entered Mines 1130 | -10/Mines | Identified exit to Subcaves 1131 | -10/Mines | Assisted by bots powering up and referring to "LRC-V3" 1361 | -10/Mines | Learned location of 1 exit from Materials 1483 | -10/Mines | Learned location of Storage (-8) 1972 | -10/Mines | Build established: Scavenger-Mutant 2088 | -10/Mines | Entered Materials 2088 | -9/Materials | Accompanied by 2 allies 2088 | -9/Materials | Evolved 2 slots: Utility x2 2089 | -9/Materials | Identified exit to Mines 2466 | -9/Materials | Discovered exit to Mines (range 16) 3021 | -9/Materials | Discovered new exit (range 7) 3177 | -9/Materials | Learned location of Zion (-7) 3231 | -9/Materials | Learned location of 3 exits from Materials 3277 | -9/Materials | Learned Storage trap positions 3311 | -9/Materials | Learned location of Recycling (-8) 3336 | -9/Materials | Learned 2 Storage zone layouts 3349 | -9/Materials | Learned location of 3 exits from Materials 3353 | -9/Materials | Learned 2 Storage zone layouts 3388 | -9/Materials | Identified exit to Materials 3420 | -9/Materials | Learned Storage trap positions 3995 | -9/Materials | Repaired Hrd. Light Armor Plating? 4465 | -9/Materials | Build established: Mutant 4885 | -9/Materials | Entered Mines 4896 | -9/Mines | Learned Materials stockpile data 5138 | -9/Mines | A Derelict revealed a hidden shortcut to a safe place 5341 | -9/Mines | Learned 2 Materials zone layouts 5349 | -9/Mines | Deemed a non-threat by the Exiles lab entrance 5349 | -9/Mines | Discovered new exit (range 5) 5457 | -9/Mines | Discovered exit to Materials (range 8) 5608 | -9/Mines | Met a Derelict shopkeep closing up shop 5876 | -9/Mines | Found the Drone Emporium 5891 | -9/Mines | Found Prototype Device 5891 | -9/Mines | Identified Bomb Drone Bay 6268 | -9/Mines | Entered Exiles 6297 | -9/Exiles | Discovered new exit (range 15) 6334 | -9/Exiles | Met 8R-AWN 6373 | -9/Exiles | Met EX-HEX 6447 | -9/Exiles | Met EX-DEC 6661 | -9/Exiles | Met EX-BIN 6917 | -9/Exiles | Discovered new exit (range 15) 6939 | -9/Exiles | Entered Mines 7244 | -8/Mines | Found a Scrap Suit stashed away for nefarious purposes 7343 | -8/Mines | Discovered exit to Materials (range 7) 7621 | -8/Mines | Discovered exit to Materials (range 8) 7859 | -8/Mines | Entered Materials 7859 | -8/Materials | Evolved 2 slots: Propulsion x1, Utility x1 7860 | -8/Materials | Identified exit to Storage 7861 | -8/Materials | Identified exit to Factory 8353 | -8/Materials | Repaired Lyr. Light Armor Plating 9222 | -8/Materials | Entered Storage 9223 | -8/Storage | Identified exit to Recycling 9224 | -8/Storage | Loaded intel: 25 trap records 9632 | -8/Storage | Build established: Hacker-Mutant 9737 | -8/Storage | Lost 3 parts (1p1u1w) 9921 | -8/Storage | Used back door to open Recycling access 9959 | -8/Storage | Met a pair of Derelict thieves 10018 | -8/Storage | Destroyed 8 combat bots 10035 | -8/Storage | Build established: Mutant 10191 | -8/Storage | Garrison activated, responded to threat 10466 | -8/Storage | Repaired Lyr. Light Armor Plating 10807 | -8/Storage | Repaired Hvy. Armor Plating 10846 | -8/Storage | Repaired Adv. Treads 10888 | -8/Storage | Assisted by bots powering up and referring to "LRC-V3" 10930 | -8/Storage | Learned Factory emergency access door positions 10991 | -8/Storage | Learned location of Extension (-6) 11008 | -8/Storage | Learned location of 1 exit from Extension 11017 | -8/Storage | Learned 4 Factory zone layouts 11020 | -8/Storage | Learned Storage stockpile data 11029 | -8/Storage | Learned 2 Lower Caves zone layouts 11048 | -8/Storage | Learned location of 1 exit from Storage 11199 | -8/Storage | Build established: Commander-Mutant 11395 | -8/Storage | Lost 7 allies 11400 | -8/Storage | Entered Recycling 11400 | -8/Recycling | Accompanied by 3 allies 11401 | -8/Recycling | Met a Zionite searching for Scraptown 11653 | -8/Recycling | Build established: Mutant 11925 | -8/Recycling | Learned location of 2 exits from Lower Caves 11964 | -8/Recycling | Scanned before Scraplab entrance 11972 | -8/Recycling | Learned Factory recycling unit intel 11983 | -8/Recycling | Entered Scraplab 12007 | -8/Recycling | Identified exit to Factory 12014 | -8/Recycling | Discovered new exit (range 2) 12032 | -8/Recycling | Learned Storage emergency access door positions 12049 | -8/Recycling | Learned location of 1 exit from Extension 12063 | -8/Recycling | Learned Factory interactive machine intel 12103 | -8/Recycling | Learned 2 Lower Caves zone layouts 12569 | -8/Recycling | Build established: Commander-Mutant 12915 | -8/Recycling | Entered Factory 12915 | -6/Factory | Accompanied by 13 allies 12915 | -6/Factory | Evolved 4 slots: Propulsion x1, Utility x2, Weapon x1 12918 | -6/Factory | Loaded intel: 56 interactive machine locations 12919 | -6/Factory | Loaded intel: 8 recycling unit locations 13097 | -6/Factory | Identified exit to Factory 13223 | -6/Factory | Fabricated Hvy. Disruptor Cannon (x2) 13502 | -6/Factory | Lost 9 allies 13630 | -6/Factory | Identified exit to Lower Caves 13630 | -6/Factory | Identified exit to Extension 13727 | -6/Factory | Fabricated Fission Core (x2) 13832 | -6/Factory | Repaired Hvy. Armor Plating 13882 | -6/Factory | Lost 3 allies 13998 | -6/Factory | Entered Extension 13998 | -6/Extension | Accompanied by 1 ally 14141 | -6/Extension | Build established: Hacker-Tank 14642 | -6/Extension | Rescued a captive Derelict 14735 | -6/Extension | Build established: Hacker-Gunner 15065 | -6/Extension | Lost 5 allies 15097 | -6/Extension | Build established: Commander-Gunner 15514 | -6/Extension | Rescued a captive Derelict 15515 | -6/Extension | Rescued a captive Derelict 15534 | -6/Extension | Rescued a captive Derelict 15639 | -6/Extension | Rescued A7 15690 | -6/Extension | Discovered new exit (range 6) 15745 | -6/Extension | Entered Cetus 15745 | -6/Cetus | Accompanied by 13 allies (A7) 15750 | -6/Cetus | Acquired a Cetus Manufacturing Module code from A7 15767 | -6/Cetus | Spotted Cetus Guard 15767 | -6/Cetus | Spotted Cetus Guard 15771 | -6/Cetus | Spotted Cetus Guard 15774 | -6/Cetus | Destroyed Cetus Guard 15778 | -6/Cetus | Destroyed Cetus Guard 15779 | -6/Cetus | Spotted Cetus Guard 15780 | -6/Cetus | Destroyed Cetus Guard 15783 | -6/Cetus | Destroyed Cetus Guard 15798 | -6/Cetus | System corruption reached 10% 15813 | -6/Cetus | System corruption reached 30% 15939 | -6/Cetus | Escorted A7 to Cetus Mainframe 15971 | -6/Cetus | Started Cetus Manufacturing Module 15996 | -6/Cetus | Manufactured an Enhanced Grunt 16021 | -6/Cetus | Manufactured an Enhanced Grunt 16046 | -6/Cetus | Manufactured an Enhanced Grunt 16046 | -6/Cetus | Discovered new exit (range 15) 16071 | -6/Cetus | Manufactured an Enhanced Grunt 16087 | -6/Cetus | Spotted Cetus Guard 16087 | -6/Cetus | Spotted Cetus Guard 16087 | -6/Cetus | Spotted Cetus Guard 16089 | -6/Cetus | Allies destroyed Cetus Guard 16092 | -6/Cetus | Destroyed Cetus Guard 16092 | -6/Cetus | Allies destroyed Cetus Guard 16096 | -6/Cetus | Manufactured an Enhanced Grunt 16102 | -6/Cetus | Found Prototype Device 16102 | -6/Cetus | Identified Exp. Thermal Shield 16115 | -6/Cetus | Discovered exit to Factory (range 15) 16125 | -6/Cetus | Met Revision 17 16152 | -6/Cetus | Build established: Commander-Mutant 16244 | -6/Cetus | Entered Archives 16244 | -6/Archives | Accompanied by 15 allies (A7) 16249 | -6/Archives | Received a hacking code to weaken MAIN.C 16304 | -6/Archives | Lost 3 allies 16328 | -6/Archives | Discovered new exit (range 14) 16359 | -6/Archives | Discovered new exit (range 15) 16533 | -6/Archives | Discovered exit to Factory (range 15) 16660 | -6/Archives | Entered Hub_04(d) 16660 | -6/Hub_04(d) | Accompanied by 11 allies 16758 | -6/Hub_04(d) | Network Hub disabled 16763 | -6/Hub_04(d) | Spotted Lightning 16768 | -6/Hub_04(d) | Spotted Lightning 16768 | -6/Hub_04(d) | Spotted Lightning 16807 | -6/Hub_04(d) | Discovered exit to Factory (range 15) 16821 | -6/Hub_04(d) | Lost 11 allies 16829 | -6/Hub_04(d) | Entered Factory 16829 | -5/Factory | Evolved 2 slots: Propulsion x1, Utility x1 16897 | -5/Factory | Fabricated Linear Accelerator (x2) 17111 | -5/Factory | Build established: Hacker-Mutant 17213 | -5/Factory | Discovered new exit (range 7) 17215 | -5/Factory | Entered Upper Caves 17271 | -5/Upper Caves | Learned Factory terminal intel 17809 | -5/Upper Caves | Found Alien Artifact 17809 | -5/Upper Caves | Identified Core Expander 17809 | -5/Upper Caves | Installed Core Expander, added new Power slot 17866 | -5/Upper Caves | Build established: Hacker-Ninja 18020 | -5/Upper Caves | Discovered new exit (range 11) 18097 | -5/Upper Caves | Entered another Upper Caves area 18101 | -5/Upper Caves | Discovered new exit (range 14) 18301 | -5/Upper Caves | Lost 3 parts (1p2n) 18416 | -5/Upper Caves | Learned Factory stockpile data 18468 | -5/Upper Caves | Entered an active Warlord outpost 18472 | -5/Upper Caves | A Commander dispatched an escort 18483 | -5/Upper Caves | Learned Research stockpile data 18542 | -5/Upper Caves | Discovered new exit (range 17) 18548 | -5/Upper Caves | Build established: Scavenger-Scout 18568 | -5/Upper Caves | Entered Warlord 18568 | -5/Warlord | Accompanied by 3 allies 18569 | -5/Warlord | Commander's escort returned to base 18569 | -5/Warlord | Commander's escort returned to base 18569 | -5/Warlord | Commander's escort returned to base 18600 | -5/Warlord | Discovered new exit (range 13) 18726 | -5/Warlord | Found Prototype Device 18726 | -5/Warlord | Identified Minesniffer Drone Bay 18891 | -5/Warlord | Visited the Vortex Lab 18896 | -5/Warlord | Found Prototype Energy Gun 18898 | -5/Warlord | Found Prototype Energy Gun 18898 | -5/Warlord | Identified Vortex Rail (x2) 18911 | -5/Warlord | Warlord's base attacked by MAIN.C 18930 | -5/Warlord | Found Prototype Device 18930 | -5/Warlord | Identified Exp. Focal Shield 18936 | -5/Warlord | Found Prototype Hackware 18936 | -5/Warlord | Identified System Mapper 18939 | -5/Warlord | Found Prototype Processor 18939 | -5/Warlord | Identified Exp. Armor Integrity Analyzer 18946 | -5/Warlord | Found Prototype Reactor 18946 | -5/Warlord | Identified Vortex Chain Reactor 18952 | -5/Warlord | Found Prototype Device 18952 | -5/Warlord | Identified Exp. Cloaking Device 18968 | -5/Warlord | Met Warlord 19225 | -5/Warlord | Build established: Hacker-Mutant 19261 | -5/Warlord | Warlord forces counterattacked 19356 | -5/Warlord | Spotted Striker 19379 | -5/Warlord | Spotted Striker 19460 | -5/Warlord | Spotted Executioner 19502 | -5/Warlord | Lost 33 allies 19511 | -5/Warlord | Spotted Striker 19511 | -5/Warlord | Spotted B-75 Beast 19511 | -5/Warlord | Spotted B-86 Titan 19511 | -5/Warlord | Entered Proximity Caves 19525 | -4/Proximity Caves | Learned location of 1 exit from Upper Caves 19728 | -4/Proximity Caves | Received a Behemoth hack from an annoying Tinkerer 19802 | -4/Proximity Caves | Build established: Hacker-Scout 19855 | -4/Proximity Caves | P-70 Sage assimilated allied EF-D5H(c) 19976 | -4/Proximity Caves | Attracted the attention of an 0b10 checkpoint 20098 | -4/Proximity Caves | Spotted B-86 Titan 20110 | -4/Proximity Caves | Discovered new exit (range 5) 20118 | -4/Proximity Caves | Entered Factory 20118 | -4/Factory | Evolved 2 slots: Utility x2 20119 | -4/Factory | Identified exit to Armory 20121 | -4/Factory | Loaded intel: 26 terminal locations 20125 | -4/Factory | Found Prototype Launcher 20125 | -4/Factory | Identified Mni. Smartbomb Launcher 20128 | -4/Factory | Found Mni. Smartbomb Launcher 20263 | -4/Factory | Spotted B-86 Titan 20336 | -4/Factory | Discovered new exit (range 8) 20418 | -4/Factory | Identified exit to Upper Caves 20613 | -4/Factory | Fabricated Adv. Force Field (x2) 20668 | -4/Factory | Entered Upper Caves 20669 | -4/Upper Caves | Identified exit to Upper Caves 20788 | -4/Upper Caves | Encountered a Warlord checkpoint 20875 | -4/Upper Caves | Entered another Upper Caves area 20876 | -4/Upper Caves | Discovered new exit (range 17) 20902 | -4/Upper Caves | Spotted B-86 Titan 21009 | -4/Upper Caves | Befriended a Behemoth using the annoying Tinkerer's hack 21130 | -4/Upper Caves | Discovered new exit (range 9) 21137 | -4/Upper Caves | Entered Zhirov 21137 | -4/Zhirov | Discovered new exit (range 3) 21146 | -4/Zhirov | Met Zhirov 21163 | -4/Zhirov | Zhirov requested help retrieving the SGEMP Prototype 21177 | -4/Zhirov | Found Alien Artifact 21177 | -4/Zhirov | Identified Integrated Reactor 21177 | -4/Zhirov | Installed Integrated Reactor, increased core energy generation (+10) 21186 | -4/Zhirov | Found Alien Artifact 21270 | -4/Zhirov | Entered Proximity Caves 21388 | -3/Proximity Caves | Discovered new exit (range 7) 21429 | -3/Proximity Caves | Entered Research 21429 | -3/Research | Evolved 2 slots: Propulsion x1, Utility x1 21430 | -3/Research | Identified exit to Quarantine 21629 | -3/Research | Revision forces began assault on 0b10 21675 | -3/Research | Local machine network offline 21869 | -3/Research | Spotted B-86 Titan 21892 | -3/Research | Discovered new exit (range 21) 21900 | -3/Research | Spotted B-86 Titan 21912 | -3/Research | Entered Quarantine 21929 | -3/Quarantine | Identified Transdimensional Reconstructor 21936 | -3/Quarantine | Found Alien Artifact 21936 | -3/Quarantine | Identified Core Reset Matrix 21936 | -3/Quarantine | Used Core Reset Matrix 21940 | -3/Quarantine | Detected hypermatrix surge 21940 | -3/Quarantine | Sensed 12 artifacts in vicinity 21964 | -3/Quarantine | Cryocooling Duct disabled 21979 | -3/Quarantine | Ambient heat levels rising (+20) 21979 | -3/Quarantine | Non-combat units ordered to evacuate 22043 | -3/Quarantine | Found Dimensional Node Initializer 22043 | -3/Quarantine | Initialized slip node 22051 | -3/Quarantine | Spotted Alpha 7 22056 | -3/Quarantine | Found Sigix Terminator 22074 | -3/Quarantine | Met incapacitated Sigix Warrior 22074 | -3/Quarantine | Lockdown squad dispatched 22078 | -3/Quarantine | Acquired the access code to the Sigix quarantine chamber 22078 | -3/Quarantine | Unlocked Sigix quarantine chamber 22079 | -3/Quarantine | Found Sigix Containment Pod 22080 | -3/Quarantine | Warped through subspace to slip node 22083 | -3/Quarantine | Found Hpw. Transdimensional Reconstructor 22167 | -3/Quarantine | Spotted Lightning 22170 | -3/Quarantine | Spotted Lightning 22183 | -3/Quarantine | Identified exit to Research 22210 | -3/Quarantine | Found Subatomic Replicator 22219 | -3/Quarantine | Entered Research 22219 | -2/Research | Warlord forces began assault on 0b10 22219 | -2/Research | Evolved 2 slots: Utility x2 22220 | -2/Research | Lost 3 parts (1p1u1w) 22225 | -2/Research | Found Unknown Device 22225 | -2/Research | Identified Quantum Capacitor 22278 | -2/Research | Discovered new exit (range 7) 22280 | -2/Research | Entered Access 22280 | -1/Access | Evolved 2 slots: Utility x2 22369 | -1/Access | Identified exit to Surface 22430 | -1/Access | Found Unknown Device 22430 | -1/Access | Identified Adv. Force Booster 22651 | -1/Access | Used Subatomic Replicator to replicate Sigix Containment Pod 22659 | -1/Access | Core integrity fell below 50% 22659 | *** | Destroyed 0b10! Last Messages --------------- 22652_ Sigix Containment Pod: "Completely unsanctioned use of that technology." 22652_ Sigix Containment Pod: "I agree." 22652_ Acquired Sigix Containment Pod. 22653_ K-01 Serf collects debris. 22655_ Acquired Hpw. Transdimensional Reconstructor. 22656_ Terminal disabled. 22656_ Slug penetrates Sealed Heavy Doors. 22656_ Penetrated by Slug. 22656_ Adv. Hacking Suite destroyed. 22656_ Acquired Vortex Rail. 22658_ K-01 Serf collects debris. [Achievement: 5k Club] [Achievement: 10k Club] [Achievement: 20k Club] [Achievement: 30k Club] [Achievement: 40k Club] [Achievement: Payload Armed] [Achievement: Achiever] Map ----- +----------------------------------------------------+ | ?????????????????????? ???????????????# ## | | ????????????????????? ????????????????/ ## | | ???????????????????? ?????????????????# ## | | ???################/##############?????# ## | | ???# +?????# ## | | ???# % #????????????# ## | | ???# R ##/##/############## ## | | ???# ## ## ## | | ???# ## # ###+### | | ???# ######%## " " / = | | /### #????# ## """ """ # | | ! #????# ## """ """ # ###+### | | ######"## " " ###### ? | | ###### ## / #????# | | ??????# ## # #????# | | ????????# ## # #????# "" | | ??????????# ## ##################????# """ | | ??????????# ######;##?????????????????????# "R | | ??????????# #????##;#?????????????????????#* """ | | ??????????# h####### ##########????????????# """ | | ??????????# p"""T""" p "????????????# | | ??????????# """ " "????????????# | | ??????????# p "????????????#####?# | | ??????????# h "??????????????????? | | ??????????# p "" "??????????????????? | | ??????????# p @" "??????????????????? | | ??????????# "??????????????????? | | ??????????# "??????????????????? | | ??????????# k "??????????????????? | | ??????????#%! "??????????????????? | | ??????????#! ####### ##########??????????????????? | | ??????????# #?????###???????????????????????????? | | ??????????# #???????????????????????????????????? | | ?????????? #???????????????????????????????????? | | ????????? #???????????????????????????????????? | | ???????? #???????????????????????????????????? | | ???????# #???????????????????????????????????? | | ???????# ??????????????????????????????R?????? | | ??????? ????????????????????????????????????? | | ??????##+##+#????????????????????????????????????? | | ?????????????????????????????????????????????????? | | ?????????????????????????????????????????????????? | | ?????????????????????????????????????????????????? | | ?????????????????????????????????????????????????? | | ?????????????????????????????????????????????????? | | ?????????????????????????????????????????????????? | | ?????????????????????????????????????????????????? | | ?????????????????????????????????????????????????? | | ?????????????????????????????????????????????????? | | ?????????????????????????????????????????????????? | +----------------------------------------------------+ Best States ------------- Heat Dissipation 52 Energy Generation 65 Energy Capacity 1300 Matter Stores 300 Matter Capacity 300 Sight Range 22 Robot Scan Range 16 Terrain Scan Range 24 Terrain Scan Density 135 Jamming Range 12 Corruption Block 15 Armor Coverage 750 Resistance: KI 20 Resistance: TH 30 Propulsion Shielding 90 Evasion (%) 69 Melee Accuracy 16 Core Analysis 9 Armor Integrity Analysis 50 Recoil Reduction 4 Matter Filtering 30 Offensive Hacking 46 Defensive Hacking 14 Authchip Count 3 Item Schematics ----------------- None Robot Schematics ------------------ None Fabricated ------------ Hvy. Disruptor Cannon | x2 | -6/Factory | Preloaded Fission Core | x2 | -6/Factory | Preloaded Linear Accelerator | x2 | -5/Factory | Preloaded Adv. Force Field | x2 | -4/Factory | Preloaded Repaired ---------- Lgt. Armor Plating | 35% | -10/Materials Hrd. Light Armor Plating | 30% | -9/Materials Lyr. Light Armor Plating | 75% | -8/Materials Lyr. Light Armor Plating | 59% | -8/Storage Hvy. Armor Plating | 75% | -8/Storage Adv. Treads | 74% | -8/Storage Hvy. Armor Plating | 64% | -6/Factory Alien Tech Used ----------------- Core Expander Integrated Reactor Core Reset Matrix Dimensional Node Initializer Transdimensional Reconstructor Sigix Terminator Subatomic Replicator Achievements -------------- 10k Club 20k Club 30k Club 40k Club 5k Club A New Friend A Powerful Ally? Achiever Adventurer Alien Roots Alien Tech Armchair Analyst Backstab Beloved Brute Force Can't Catch Me Charge!!! Crack Shot Dangerous Findings Deadly Force Denied? Dramatic Entrance Dynamic Key Everything Is Under Control Explorer False Reunion Fist Fight GoHome() Hey, That's Mine! Hunted I Spy I'm Back, Baby! Just What I Needed Knowing Is Half The Battle Leap Before You Look Librarian Loot Pinata Made in Tau Ceti IV Main Advantage Novice Programmer Omniscient Cartographer Ooh, Shiny! Oops Part-time Excavator Part-time Mechanic Payload Armed Please Form A Line Power Corrupts Prison Break Project G-00 Prolific Hacker Quantum Hacking Quick And Dirty Remodeling Respectable Loadout Revising The Future Risk Taker Rockin' Loadout Safety First Serviceable Loadout Shopping List Slippery One Storm Trooper Subspace Traveler System Compromised The More The Merrier The Science Guy Tourist True Hacker Uninvited Guest Watch This! Whoosh! Woof! \\IAMDERELICT root@ Challenges ------------ None Game ------ Seed DefenseCoolingFalx Manual? 0 Play Time 08:12:51 Cumulative 8.1 hours Start 2025.06.02 @ 00:11:13 End 2025.06.23 @ 01:09:19 Sessions 7 Manual Loads 0 Difficulty Rogue Special Mode None Game No. 1 Rogue 1 Adventurer 0 Explorer 0 Win Type 3 Total 1 Types 0/0/0/1/0/0/0/0/0/0 Lore% 14 Gallery% 15 Achievement% 29 Wizard Run 0 Options --------- Layout 1 ASCII 0 Keyboard 0 Movement Mouse Keybinds 0 Fullscreen 1 Font 24/Smallcaps Map View 50x35 Zoom Use 0% Tactical HUD 1 Map Filters NONE Filters NONE Steam 0 RUN: ee4ef6ca-188f-43fa-a982-e804fd05f12b